 Dungeon Crawl Stone Soup version 0.20-a0-1078-g4874019 (webtiles) character file.

44 Chaoticas the Grave Robber (level 3, -5/24 HPs)
             Began as a Demonspawn Necromancer on Apr 30, 2017.
             Killed by divine providence
             ... invoked by an orc priest
              (14 damage)
             ... on level 3 of the Dungeon.
             The game lasted 00:05:24 (2106 turns).

Chaoticas the Grave Robber (Demonspawn Necromancer) Turns: 2106, Time: 00:05:24

Health: -5/24      AC:  9    Str:  8    XL:     3   Next: 41%
Magic:  1/7        EV: 11    Int: 17    God:
Gold:   75         SH:  0    Dex: 13    Spells: 0/7 levels left

rFire    . . .     SeeInvis .   t - +5 mace
rCold    . . .     Gourm    .   (no shield)
rNeg     . . .     Faith    .   o - +0 ring mail
rPois    .         Spirit   .   i - +1 helmet
rElec    .         Reflect  .   (no cloak)
rCorr    .         Harm     .   r - +1 pair of gloves
MR       .....                  (no boots)
Stlth    +.........             (no amulet)
Regen    0.1/turn               (no ring)
MPRegen  0.1/turn               (no ring)

@: no status effects
A: powered by death 1, sturdy frame 1
a: no special abilities


You were on level 3 of the Dungeon.
You were not hungry.

You visited 1 branch of the dungeon, and saw 3 of its levels.

You collected 75 gold pieces.

Inventory:

Hand Weapons
 m - a +0 dagger
   (You found it on level 1 of the Dungeon)
 n - a +2 dagger of venom
   (You took it off a goblin on level 2 of the Dungeon)
 t - a +5 mace (weapon)
   (You found it on level 2 of the Dungeon)
Missiles
 h - 90 stones (quivered)
Armour
 a - a +0 robe
 i - a +1 helmet (worn)
   (You found it on level 2 of the Dungeon)
 o - a +0 ring mail (worn)
   (You took it off a goblin on level 2 of the Dungeon)
 r - a +1 pair of gloves (worn)
   (You found it on level 2 of the Dungeon)
Wands
 p - a wand of confusion (16/48)
   (You found it on level 3 of the Dungeon)
Scrolls
 b - a scroll of identify {unknown}
 q - 2 scrolls of remove curse
Potions
 d - a potion of invisibility {unknown}
 e - 3 potions of curing {unknown}
 g - a potion of might {unknown}
 k - 2 potions of haste {unknown}
 l - a potion of degeneration {unknown}
Books
 A - a book of Necromancy

   Spells                             Type                      Level
   a - Pain                           Necromancy                   1
   b - Animate Skeleton               Necromancy                   1
   c - Vampiric Draining              Necromancy                   3
   d - Regeneration                   Charms/Necromancy            3
   e - Animate Dead                   Necromancy                   4
   f - Control Undead                 Necromancy                   4
Comestibles
 c - a bread ration
 f - 3 royal jellies
 j - a meat ration


   Skills:
 - Level 1.7 Dodging
 - Level 1.7 Stealth
 * Level 2.7 Spellcasting
 * Level 5.2 Necromancy


You couldn't memorise any spells.
You knew the following spells:

 Your Spells              Type           Power        Failure   Level  Hunger
a - Pain                  Necr           ###.         3%          1    #......
b - Vampiric Draining     Necr           ###.......   11%         3    ###....
c - Regeneration          Chrm/Necr      ##........   32%         3    ###....


Dungeon Overview and Level Annotations

Branches:
Dungeon (3/15)

Altars:


Innate Abilities, Weirdness & Mutations

You regenerate a little health from kills.
Your movements are slightly less encumbered by armour. (ER -2)


Message History

The orc priest looks encouraged for a moment.
Casting: Pain
Confirm with . or Enter, or press ? or * to list all spells.
Aiming: Pain
Press: ? - help, Shift-Dir - straight line, f/p - orc
Aim: an orc, wielding a mace and wearing a scale mail (heavily wounded, chance to defeat MR: 89%)
The orc writhes in agony!
* * * LOW MAGIC WARNING * * *
Casting: Pain
Confirm with . or Enter, or press ? or * to list all spells.
Aiming: Pain
Press: ? - help, Shift-Dir - straight line, f/p - orc
Aim: an orc, wielding a mace and wearing a scale mail (almost dead, chance to defeat MR: 89%)
The orc writhes in agony!
You kill the orc!
* * * LOW MAGIC WARNING * * *
Casting: Pain
Confirm with . or Enter, or press ? or * to list all spells.
Aiming: Pain
Press: ? - help, Shift-Dir - straight line, f - orc
Aim: an orc, wielding a hand axe (chance to defeat MR: 90%)
The orc writhes in agony!
* * * LOW MAGIC WARNING * * *
The orc priest calls down the wrath of Beogh upon you.
Beogh smites you!
* * * LOW HITPOINT WARNING * * *
Casting: Pain
Confirm with . or Enter, or press ? or * to list all spells.
You don't have enough magic to cast that spell.
You closely miss the orc.
The orc is moderately wounded.
The orc hits you but does no damage. x2
An orc comes into view. It is wielding a mace.
The orc shouts!
You sock the orc!
You kill the orc!
Your ring mail prevents you from hitting the orc priest.
The orc priest hits you but does no damage.
You hit the orc priest.
The orc priest is moderately wounded.
The orc priest hits you but does no damage.
You hit the orc priest.
The orc priest is severely wounded.
The orc priest closely misses you.
You closely miss the orc priest.
The orc priest is severely wounded.
The orc priest invokes the aid of Beogh against you.
Beogh smites you!
Ouch! That really hurt!
You die...

........##.##.#.#
.#.......##.##.#.#
#.##.#######.##.#.#
#......# ####†###
#.# #.# #########.#
#.)..oo@..#
..#########


You could see an orc priest and an orc.

Vanquished Creatures
  A worm (D:2)
  2 dart slugs
  A leopard gecko (D:2)
  3 orcs (D:3)
  A ball python (D:2)
  5 goblins
  4 hobgoblins
  4 kobolds
  5 bats
  4 frilled lizards
  5 rats
35 creatures vanquished.

Notes
Turn   | Place    | Note
-------+----------+-------------------------------------------
     0 | D:1      | Chaoticas the Demonspawn Necromancer began the quest for the Orb.
     0 | D:1      | Reached XP level 1. HP: 13/13 MP: 3/3
     2 | D:1      | Noticed a tengu
     2 | D:1      | Noticed a dwarf
     4 | D:1      | Noticed a gargoyle
     4 | D:1      | Noticed an octopode
     7 | D:1      | Noticed a demigod
     9 | D:1      | Noticed a halfling
     9 | D:1      | Noticed a formicid
    11 | D:1      | Noticed a minotaur
    11 | D:1      | Noticed a demonspawn
    13 | D:1      | Noticed an ogre
    13 | D:1      | Noticed a draconian
    15 | D:1      | Noticed a naga
    15 | D:1      | Noticed an elf
    17 | D:1      | Noticed a human
    17 | D:1      | Noticed a merfolk
    21 | D:1      | Noticed a ghoul
    21 | D:1      | Noticed a vampire
    23 | D:1      | Noticed a vine stalker
    25 | D:1      | Noticed a felid
    25 | D:1      | Noticed a troll
    27 | D:1      | Noticed a spriggan
    27 | D:1      | Noticed a centaur
    55 | D:1      | HP: 3/13 [dart slug/slug dart (5)]
   486 | D:1      | Gained mutation: Your movements are slightly less encumbered by armour. (ER -2) [demonic ancestry]
   486 | D:1      | Reached XP level 2. HP: 19/19 MP: 3/5
  1527 | D:2      | Reached skill level 5 in Necromancy
  1748 | D:2      | Gained mutation: You regenerate a little health from kills. [demonic ancestry]
  1748 | D:2      | Reached XP level 3. HP: 24/24 MP: 6/6
  1969 | D:3      | Learned a level 3 spell: Vampiric Draining
  1973 | D:3      | Learned a level 3 spell: Regeneration
  2100 | D:3      | HP: 8/24 [orc priest/divine providence (11)]
  2106 | D:3      | Killed from afar by an orc priest

Vault maps used:
D:1:      kb_arrival_jail, minmay_misc_feat_doors, minmay_pentomino_o2

Skill      XL: |  1  2 |
---------------+-------+-----
Necromancy     | 5 |  5.2
Dodging        | |  1.7
Stealth        | |  1.7
Spellcasting   | |  2.7

Action                   || total
-------------------------++-------
Melee: Unarmed           ||    14
       Dagger            ||    33
       Mace              ||     9
 Cast: Pain              ||    35
  Use: Scroll            ||     5
 Stab: Sleeping          ||     2
  Eat: Chunk             ||     4
Armor: Robe              ||     5
       Ring mail         ||    18
Dodge: Dodged            ||    28
